 Dungeon Crawl Stone Soup version 0.28-a0-773-g130ae17fe5 (webtiles) character file.

Game seed: 12195796720155415388

123 Zbetzen the Vexing (level 4, -2/21 HPs)
             Began as a Spriggan Enchanter on Nov 2, 2021.
             Slain by Grinder (9 damage)
             ... on level 3 of the Dungeon.
             The game lasted 00:06:28 (5016 turns).

Zbetzen the Vexing (Spriggan Enchanter)             Turns: 5016, Time: 00:06:29

Health: -2/21      AC:  2    Str:  5    XL:     4   Next: 80%
Magic:  10/11      EV: 17    Int: 16    God:
Gold:   97         SH:  0    Dex: 15    Spells: 4/12 levels left

rFire   . . .      SeeInvis +   a - +1 dagger
rCold   . . .      Faith    .   (shield restricted)
rNeg    . . .      Spirit   .   b - +0 robe
rPois   .          Reflect  .   (helmet restricted)
rElec   .          Harm     .   (no cloak)
rCorr   .          Rampage  .   (gloves unavailable)
Will    .....                   (boots unavailable)
Stlth   +++.......              (no amulet)
HPRegen 0.07/turn               (no ring)
MPRegen 0.12/turn               (no ring)

@: invisible, very quick
A: very small, no large weapons, unfitting armour, see invisible, speed 3
a: no special abilities


You were on level 3 of the Dungeon.
You visited 1 branch of the dungeon, and saw 4 of its levels.

You collected 97 gold pieces.

Inventory:

Hand Weapons
 a - a +1 dagger (weapon)
Armour
 b - a +0 robe (worn)
Wands
 e - a wand of digging (5)
Scrolls
 f - a scroll of identify
Potions
 d - 2 potions of curing


   Skills:
 - Level 1.1 Short Blades
 - Level 2.6 Dodging
 - Level 4.4 Stealth
 + Level 4.8 Spellcasting
 + Level 5.4 Hexes


You had 4 spell levels left.
You knew the following spells:

 Your Spells              Type           Power      Damage    Failure   Level
a - Ensorcelled Hibernat  Hex/Ice        24%        N/A       8%          2
b - Tukima's Dance        Hex            21%        N/A       4%          3
c - Dazzling Flash        Conj/Hex       24%        N/A       16%         3

Your spell library contained the following spells:

 Spells                   Type           Power      Damage    Failure   Level
 Confusing Touch          Hex            21%        N/A       4%          3
 Animate Skeleton         Necr           6%         N/A       16%         1
 Foxfire                  Conj/Fire      12%        2x1d4     16%         1
 Pain                     Necr           12%        1d4       16%         1
 Inner Flame              Hex/Fire       12%        N/A       16%         3
 Conjure Flame            Conj/Fire      3%         6-21      43%         3
 Vampiric Draining        Necr           3%         2d6       43%         3
 Flame Wave               Conj/Fire      3%         3d3       83%         4


Dungeon Overview and Level Annotations

Branches:
Dungeon (4/15)
 Temple: D:4-7

Altars:

Annotations:
D:3 Grinder


Innate Abilities, Weirdness & Mutations

You are very small and have problems with some larger weapons.
You are too small for most types of armour.
You have supernaturally acute eyesight. (SInv)
You cover ground extremely quickly. (Speed+++)


Message History

You puncture the iguana!
You kill the iguana!
f - a scroll of identify You don't have any unidentified items.
Unknown command.
You start resting.
An iguana comes into view.
There is a stone staircase leading up here.
You start resting.
Magic restored.
You start waiting.
A kobold comes into view. It is wielding a +0 short sword.
Casting: Ensorcelled Hibernation (safe; 8% risk of failure)
Confirm with . or Enter, or press ? or * to list all spells.
Aiming: Ensorcelled Hibernation (safe; 8% risk of failure)
Press: ? - help, Shift-Dir - straight line, f - kobold
Aim: a kobold, wielding a +0 short sword and quivering stones (wandering, hasn't noticed you, chance to affect: 61%)
The kobold shouts!
The kobold resists with significant effort.
You hear a shout! x3
Unknown command.
The kobold throws a stone.
The stone misses you.
Grinder blinks!
Grinder zaps a wand.
The puff of flame hits you!
There is a stone staircase leading up here.
Grinder zaps a wand.
The puff of flame hits you.
You climb upwards.
There is a stone staircase leading down here.
Unknown command.
Unknown command.
Casting: Ensorcelled Hibernation (safe; 8% risk of failure)
Confirm with . or Enter, or press ? or * to list all spells.
You can't see any susceptible monsters within range! (Use Z to cast anyway.) Unknown command.
Casting: Ensorcelled Hibernation (safe; 8% risk of failure)
Confirm with . or Enter, or press ? or * to list all spells.
Okay, then.
You fade into invisibility!
Grinder hits you!
You die...

##.###.# #.# #####.##.######
#.....# #.# #.##.# #.....#
#.#######.##'## ####.##
#.........#...## ### #.#
###.########.....## #.###.#
#.........#.......##
<..##.######.#...###..........###
...............5..............'..
...##.######.#..@###..........###
#.###.# #.##..# #.#.......## ###
#.# #.###.# #.##.....## #.#
#.###.###.###...## ###.#
#.........# ##'## #...#
#####.##### #.# #.### #.# #.# #.#
#.# ######.## #.# #.#
#.......####


You could see Grinder.

Vanquished Creatures
  An iguana (D:4)
  2 adders
  2 worms (D:2)
  A dart slug (D:2)
  2 orcs (D:3)
  6 endoplasms
  A giant cockroach (D:1)
  7 goblins
  7 hobgoblins
  5 jackals (D:2)
  5 kobolds
  3 quokkas
  5 ball pythons
  6 bats
  5 frilled lizards
  7 rats
65 creatures vanquished.

Notes
Turn   | Place    | Note
-------+----------+-------------------------------------------
     0 | D:1      | Zbetzen the Spriggan Enchanter began the quest for the Orb.
     0 | D:1      | Reached XP level 1. HP: 9/9 MP: 5/5
   723 | D:1      | Reached skill level 4 in Hexes
   734 | D:1      | Reached XP level 2. HP: 13/13 MP: 7/7
   737 | D:1      | Learned a level 2 spell: Ensorcelled Hibernation
   970 | D:1      | Found a faded altar of an unknown god.
  2111 | D:2      | Reached XP level 3. HP: 15/16 MP: 3/9
  3413 | D:2      | Learned a level 3 spell: Tukima's Dance
  3417 | D:2      | Learned a level 3 spell: Dazzling Flash
  3565 | D:3      | Reached XP level 4. HP: 21/21 MP: 11/11
  4049 | D:3      | Reached skill level 5 in Hexes
  4911 | D:4      | Noticed Grinder
  5016 | D:3      | Slain by Grinder

Illustrated notes

Levels and vault maps discovered:
D:1:      minmay_arrival_radiant_lines, layout_basic,
          shapermc_ecumenical_altar_notcrosses
D:2:      layout_basic, minmay_misc_feat_columns
D:3:      layout_loops_corners, st_stairs_7, hangedman_decor_growths
D:4:      layout_basic, kennysheep_mini, serial_shops, nicolae_shop_statue_plus,
          uniq_natasha, uniq_robin, uniq_grinder

Skill      XL: |  1  2  3  4 |
---------------+-------------+-----
Spellcasting   | 3 4 |  4.8
Hexes          | 4 5 |  5.4
Short Blades   | |  1.1
Dodging        | |  2.6
Stealth        | |  4.4

Action                   |  1- 3 |  4- 6 || total
-------------------------+-------+-------++-------
Melee: Dagger            |   124 |    76 ||   200
 Cast: Ensorcelled Hiber |    28 |    14 ||    42
  Use: Scroll            |     4 |       ||     4
       Potion            |       |     1 ||     1
 Stab: Sleeping          |    26 |    12 ||    38
Armor: Robe              |    10 |     6 ||    16
Dodge: Dodged            |    76 |    80 ||   156

Table legend: (Time is in decaauts)
 A = Elapsed time spent in this place.
 B = Non-inter-level travel time spent in this place.
 C = Inter-level travel time spent in this place.
 D = Time resting spent in this place.
 E = Time spent auto-exploring this place.
 F = Levels seen in this place.
 G = Mean time per level.
                   A        B        C        D        E       F      G
               +--------+--------+--------+--------+--------+-----+--------+
         Total |   4095 |   4052 |     43 |   1263 |   2221 |   4 | 1023.8 |
       Dungeon |   4095 |   4052 |     43 |   1263 |   2221 |   4 | 1023.8 |
               +--------+--------+--------+--------+--------+-----+--------+

Top non-repeatable levels by time:
     D:2: 1545 daAuts
     D:1: 1432 daAuts
     D:3: 1008 daAuts
     D:4: 108 daAuts
